 Dungeon Crawl Stone Soup version 0.32-a0-975-g85d4e5bfdb (webtiles) character file.

Game seed: 12744446096600938892

6563 Cancer the Mimic (level 11, -19/69 HPs)
             Began as an Octopode Shapeshifter on Apr 18, 2024.
             Was a Priest of Makhleb.
             Demolished by a two-headed ogre
             ... wielding a +0 giant club
              (24 damage)
             ... on level 8 of the Dungeon.
             The game lasted 00:25:40 (9353 turns).

Cancer the Mimic (Octopode Shapeshifter)            Turns: 9353, Time: 00:25:41

Health: -19/69     AC:  1    Str: 17    XL:     11   Next: 1%
Magic:  11/11      EV: 13    Int: 12    God:    Makhleb [***...]
Gold:   412        SH:  0    Dex: 13    Spells: 10/10 levels left

rFire   . .          .
                       - Unarmed
rCold   . . .        (no shield)
rNeg    + . .        (helmet restricted)
rPois   .            (no amulet)
rElec   .            x - ring of positive energy
rCorr   .            B - ring of see invisible
SInv    +            (no ring)
Will    .....        (no ring)
Stlth   ++++++       (no ring)
HPRegen 0.31/turn    (no ring)
MPRegen 0.12/turn    (no ring)
                     (no ring)

%: no passive effects
@: maw-form
A: devouring maw, almost no armour, amphibious, 8 rings, camouflage 1,
gelatinous body 1, nimble swimmer 1, tentacles
a: Begin Untransformation, Renounce Religion, Minor Destruction, Lesser Servant
of Makhleb


You were on level 8 of the Dungeon.
You worshipped Makhleb.
Makhleb was most pleased with you.
You were a creature with a mouth for a stomach.
You visited 2 branches of the dungeon, and saw 9 of its levels.

You collected 412 gold pieces.

Inventory:

Missiles
 E - 2 throwing nets (quivered)
Armour
 i - an orb of mayhem
Magical Staves
 r - a staff of death
 D - a staff of fire
Jewellery
 x - a ring of positive energy (left tentacle)
 B - a ring of see invisible (right tentacle)
Talismans
 b - a beast talisman
 k - a maw talisman (active)
 H - a flux talisman
Wands
 c - a wand of flame (23)
 q - a wand of paralysis (10)
 F - a wand of polymorph (15)
Scrolls
 e - a scroll of immolation {unknown}
 g - 2 scrolls of brand weapon {unknown}
 h - a scroll of enchant armour {unknown}
 j - a scroll of silence {unknown}
 l - 2 scrolls of revelation {unknown}
 n - 2 scrolls of fog {unknown}
 o - 2 scrolls of teleportation {unknown}
 p - 4 scrolls of identify {unknown}
 y - a scroll of enchant weapon {unknown}
 z - a scroll of blinking {unknown}
 C - a scroll of noise {unknown}
 G - 2 scrolls of poison {unknown}
Potions
 a - 3 potions of lignification
 d - a potion of curing {unknown}
 f - a potion of ambrosia {unknown}
 m - 3 potions of heal wounds {unknown}
 s - 3 potions of haste {unknown}
 t - 2 potions of cancellation {unknown}
 u - a potion of resistance {unknown}
 v - 4 potions of magic {unknown}
 w - 2 potions of mutation {unknown}
 A - a potion of invisibility {unknown}


   Skills:
 - Level 4.0 Fighting
 - Level 4.0 Dodging
 - Level 8.0 Stealth
 + Level 9.5 Unarmed Combat
 + Level 10.9 Shapeshifting


You had 10 spell levels left.
You didn't know any spells.
Your spell library contained the following spells:

 Spells                   Type           Power      Damage    Failure   Level
 Slow                     Hex            0%         N/A       32%         1
 Confusing Touch          Hex            0%         N/A       69%         3
 Vampiric Draining        Necr           0%         2d6       69%         3
 Volatile Blastmotes      Fire/Tloc      0%         2d10      69%         3
 Vhi's Electric Charge    Tloc/Air       0%         N/A       97%         4
 Gell's Gavotte           Tloc           0%         2d(11-16) 100%        6


Dungeon Overview and Level Annotations

Branches:
Dungeon (8/15)             Temple (1/1) D:7
   Lair: D:8-11

Altars:
Ashenzari
Cheibriados
Dithmenos
Elyvilon
Fedhas
Gozag
Hepliaklqana
Makhleb
Nemelex Xobeh
Okawaru
Ru
Sif Muna
Trog
Uskayaw
Vehumet
Xom
Yredelemnul
Zin
The Shining One
Lugonu

Shops:
D:1 *   D:4 *


Innate Abilities, Weirdness & Mutations

You are a creature with a mouth for a stomach.
Your midsection houses a second, enormous mouth.
You cannot wear most types of armour.
You are amphibious.
You can wear up to eight rings at the same time.
Your skin changes colour to match your surroundings (Stealth+).
Your rubbery body absorbs attacks. (AC +1, EV +1)
You are camouflaged when in or above water. (Stealth+)
You have tentacles for arms and can constrict up to eight enemies at once.


Message History

Makhleb accepts your kill. The orc barely misses you.
You have reached level 11!
You bludgeon the orc!
You devour the orc!
You feel better.
You kill the orc!
Makhleb accepts your kill.
The orc warrior hits you with a +0 short sword!
* * * LOW HITPOINT WARNING * * *
You bludgeon the orc warrior! Your grab misses the orc warrior.
Your bite misses the orc warrior.
The orc warrior is severely wounded.
The orc warrior hits you with a +0 short sword.
* * * LOW HITPOINT WARNING * * *
You bludgeon the orc warrior!
You devour the orc warrior!
You feel better.
You kill the orc warrior!
Makhleb accepts your kill.
You now have 412 gold pieces (gained 18).
Things that are here:
a +0 dagger; a +0 robe You start resting.
A two-headed ogre comes into view.
It is wielding a +0 giant club and a +0 giant spiked club.
Things that are here:
a +0 robe; a +1 dagger of venom The two-headed ogre shouts in stereo!
Things that are here:
a +0 chain mail; a +0 flail; a +0 orcbow You enter the shallow water.
You bludgeon the two-headed ogre! You squeeze the two-headed ogre!
You bite the two-headed ogre.
The two-headed ogre is moderately wounded.
The two-headed ogre hits you with a +0 giant club!
The two-headed ogre hits you with a +0 giant spiked club!!
You bludgeon the two-headed ogre! You bite the two-headed ogre.
The two-headed ogre is heavily wounded.
You bludgeon the two-headed ogre! You squeeze the two-headed ogre!
The two-headed ogre is almost dead.
The two-headed ogre hits you with a +0 giant club!!
* * * LOW HITPOINT WARNING * * *
The two-headed ogre hits you with a +0 giant spiked club!!
You die...

#.........#.#.####[....._..##....
#...............~......#.####....
#..............~~≈..........#....
............P...≈~~~P.........###
..............P~(≈~~~[##.........
...#.........~≈~~≈≈≈~............
............~~≈≈~≈≈≈~.#####.#####
#.....>.....≈≈≈~≈≈~.......#......
#...........P~≈≈W≈)P.............
#......###...P≈≈≈O...............
.........#....~~..........(..#.[.
....##...#......~......#..[......
....##...#....................###
....##.[.#...>......#..###(...#
....##...#.............))((...#
....##...#.....#....##.###.####
.........#.....#....##.# ♣♣♣


You could see a two-headed ogre.

Vanquished Creatures
  Maurice (D:8)
  Prince Ribbit (D:6)
  Sigmund (D:4)
  3 wyverns
  2 yaks
  Eustachio (D:4)
  5 water moccasins
  An ice beast (D:5)
  2 orc warriors (D:8)
  2 black bears (D:6)
  3 ogres
  7 centaurs
  5 phantoms
  3 kobold brigands
  3 bullfrogs
  A wyvern zombie (D:6)
  5 scorpions
  A wyvern skeleton (D:6)
  A water moccasin skeleton (D:6)
  10 wights
  A water moccasin zombie (D:6)
  2 bombardier beetles
  A howler monkey (D:4)
  An electric eel (D:8)
  3 centaur zombies (D:6)
  3 bullfrog zombies (D:6)
  A hound (D:6)
  3 jellies
  A gnoll bouda (D:7)
  6 orc priests
  A centaur skeleton (D:6)
  A sleepcap (D:8)
  2 bullfrog skeletons (D:6)
  4 iguanas
  7 orc wizards
  2 killer bee zombies (D:6)
  The ghost of ragingrage the Sneak, a weakling VSDe (D:6)
  3 howler monkey zombies (D:6)
  12 gnolls
  2 adders
  A howler monkey skeleton (D:6)
  2 white imps
  2 ufetubi (D:7)
  24 orcs
  7 ball pythons
  9 endoplasms
  2 giant cockroaches (D:3)
  8 hobgoblins
  21 kobolds
  5 quokkas
  6 bats
  2 frilled lizards (D:2)
  6 goblins
  3 rats
213 creatures vanquished.

Vanquished Creatures (others)
  A kobold (D:8)
1 creature vanquished.

Grand Total: 214 creatures vanquished

Notes
Turn   | Place    | Note
-------+----------+-------------------------------------------
     0 | D:1      | Cancer the Octopode Shapeshifter began the quest for the
                  | Orb.
     0 | D:1      | Reached XP level 1. HP: 13/13 MP: 1/1
   184 | D:1      | Reached skill level 1 in Stealth
   190 | D:1      | Found Maxip's Assorted Antiques.
   219 | D:1      | Reached XP level 2. HP: 18/18 MP: 2/2
   222 | D:1      | Found a faded altar of an unknown god.
   739 | D:2      | Identified the +4 helmet "Osust" {Rampage *Corrode Str+5}
   777 | D:2      | Reached XP level 3. HP: 15/23 MP: 3/3
   905 | D:2      | Identified the +0 leather armour of the Endless Expanse
                  | {rC- Will- rCorr Dex+5}
  1156 | D:3      | Found a white marble altar of Elyvilon.
  1538 | D:3      | Reached skill level 4 in Shapeshifting
  1540 | D:3      | Reached XP level 4. HP: 28/28 MP: 4/4
  1934 | D:4      | Found Taimeejy's General Store.
  1943 | D:4      | Noticed a scorpion
  1950 | D:4      | Reached XP level 5. HP: 29/33 MP: 5/5
  1975 | D:4      | Reached skill level 5 in Shapeshifting
  2053 | D:4      | Noticed Sigmund
  2152 | D:4      | Noticed Eustachio
  2716 | D:4      | Reached XP level 6. HP: 38/38 MP: 6/6
  3008 | D:5      | Entered Level 5 of the Dungeon
  3211 | D:5      | Reached skill level 6 in Shapeshifting
  3498 | D:5      | Reached XP level 7. HP: 19/43 MP: 7/7
  3604 | D:5      | Found a bloodstained altar of Trog.
  3605 | D:5      | Found a blossoming altar of Fedhas.
  3607 | D:5      | Found a shadowy altar of Dithmenos.
  3611 | D:5      | Reached skill level 7 in Shapeshifting
  3611 | D:5      | Found a shimmering blue altar of Sif Muna.
  3950 | D:5      | Reached XP level 8. HP: 32/50 MP: 8/8
  4112 | D:5      | Found a broken altar of Ashenzari.
  4315 | D:5      | Found a shimmering altar of Xom.
  4316 | D:5      | Found a burning altar of Makhleb.
  4317 | D:5      | Found a basalt altar of Yredelemnul.
  4376 | D:5      | Became a worshipper of Makhleb the Destroyer
  4416 | D:5      | Reached skill level 5 in Stealth
  4493 | D:4      | Killed Sigmund
  4545 | D:4      | Killed Eustachio
  4757 | D:6      | Reached XP level 9. HP: 41/58 MP: 9/9
  4841 | D:6      | Reached skill level 5 in Unarmed Combat
  4897 | D:6      | Reached skill level 8 in Shapeshifting
  4957 | D:6      | Reached * piety under Makhleb
  5199 | D:6      | Found a runed translucent gate.
  5205 | D:6      | Noticed ragingrage's ghost (weakling VSDe)
  5207 | D:6      | Found a runed translucent gate.
  5207 | D:6      | Found a runed translucent gate.
  5719 | D:6      | Noticed Prince Ribbit
  5757 | D:6      | Killed Prince Ribbit
  5758 | D:6      | Reached skill level 9 in Shapeshifting
  6035 | D:6      | Reached ** piety under Makhleb
  6039 | D:6      | Identified the +1 shortbow of Eternal Vigilance {freeze,
                  | Str+7}
  6102 | D:6      | Reached XP level 10. HP: 63/63 MP: 10/10
  6512 | D:7      | Found a staircase to the Ecumenical Temple.
  6525 | Temple   | Entered the Ecumenical Temple
  7717 | D:6      | Killed ragingrage's ghost
  7854 | D:8      | Reached skill level 10 in Shapeshifting
  8087 | D:8      | Reached *** piety under Makhleb
  8438 | D:8      | Found a glowing silver altar of Zin.
  8734 | D:8      | Noticed Maurice
  8896 | D:8      | Maurice stole a flux talisman
  8897 | D:8      | Maurice stole a staff of fire
  8899 | D:8      | Killed Maurice
  9136 | D:8      | Reached XP level 11. HP: 9/69 MP: 11/11
  9136 | D:8      | HP: 3/69 [orc warrior/+0 short sword (8)]
  9137 | D:8      | HP: 1/69 [orc warrior/+0 short sword (3)]
  9271 | D:8      | Noticed a two-headed ogre
  9353 | D:8      | Demolished by a two-headed ogre

Illustrated notes

Levels and vault maps discovered:
D:1:      erik_arrival_orb_chamber, layout_loops_ring, basic_ecumenical_altar,
          serial_shops, nicolae_shop_stone
D:2:      layout_rooms
D:3:      layout_loops_cross, elyvilon_altar_5
D:4:      layout_loops_cross, serial_shops, nicolae_shop_peninsula,
          serial_bayou_pond_b, uniq_sigmund, uniq_eustachio
D:5:      layout_loops_ring, mainiacjoe_overflow_surrounded_room,
          grunt_temple_overflow_open,
          chequers_temple_overflow_statue_of_worship, st_stairs_12
D:6:      layout_gridville, serial_undead, serial_undead_b, serial_undead_a,
          serial_undead_b, serial_undead_f, serial_undead_b, serial_undead_a,
          serial_undead_d, serial_undead_a, serial_undead_b, serial_undead_c,
          gammafunk_ghost_split, skrybe_limestone_x, uniq_prince_ribbit1
D:7:      layout_loops_corners, temple_pool_b, minmay_crossroads
D:8:      nzn_winding_woodlands_large [nzn_winding_woodlands_5x5_cross,
          nzn_winding_woodlands_5x15_lazy_stream,
          nzn_winding_woodlands_5x5_default,
          nzn_winding_woodlands_center_diamonds,
          nzn_winding_woodlands_15x15_killbox,
          nzn_winding_woodlands_center_garden,
          nzn_winding_woodlands_5x5_checkerboard,
          nzn_winding_woodlands_5x15_sawtooth, nzn_winding_woodlands_5x5_three],
          layout_basic, lemuel_crystal_altar, fungi_pond_lemuel, nrook_campfire,
          uniq_psyche, uniq_maurice
Temple:   corrupted_temple

Skill      XL: |  1  2  3  4  5  6  7  8  9 10 |
---------------+-------------------------------+-----
Stealth        | 1 2 3 4 6 8 |  8.0
Shapeshifting  | 4 5 6 7 9 10 | 10.9
Fighting       | 2 3 4 |  4.0
Dodging        | 4 |  4.0
Unarmed Combat | 4 7 9 |  9.5

Action                     |  1- 3 |  4- 6 |  7- 9 | 10-12 || total
---------------------------+-------+-------+-------+-------++-------
  Melee: Unarmed           |    67 |    72 |   211 |   180 ||   530
         Constrict         |    16 |    18 |    51 |    43 ||   128
         Tentacles         |    11 |    21 |    71 |    58 ||   161
         Punch             |     1 |     1 |     1 |     6 ||     9
         Maw               |       |       |       |    46 ||    46
 Invoke: Minor Destruction |       |       |       |     2 ||     2
   Stab: Sleeping          |    18 |     6 |     2 |     7 ||    33
         Distracted        |       |       |       |     1 ||     1
 Armour: Skin              |    28 |    42 |    85 |   112 ||   267
  Dodge: Dodged            |    37 |    36 |   145 |   142 ||   360
   Form: Flux              |       |       |     1 |       ||     1
         Maw               |       |       |       |     1 ||     1

Table legend: (Time is in decaauts)
 A = Elapsed time spent in this place.
 B = Non-inter-level travel time spent in this place.
 C = Inter-level travel time spent in this place.
 D = Time resting spent in this place.
 E = Time spent auto-exploring this place.
 F = Levels seen in this place.
 G = Mean time per level.
                   A        B        C        D        E       F      G
               +--------+--------+--------+--------+--------+-----+--------+
         Total |   9313 |   8529 |    784 |   1200 |   5276 |   9 | 1034.8 |
       Dungeon |   9312 |   8528 |    784 |   1200 |   5276 |   8 | 1164.0 |
        Temple |      1 |      1 |      0 |      0 |      0 |   1 |    1.0 |
               +--------+--------+--------+--------+--------+-----+--------+

Top non-repeatable levels by time:
     D:7: 1753 daAuts
     D:4: 1540 daAuts
     D:6: 1415 daAuts
     D:5: 1355 daAuts
     D:8: 1283 daAuts
     D:3: 702 daAuts
     D:1: 686 daAuts
     D:2: 575 daAuts
  Temple: 1 daAuts
